 Dungeon Crawl Stone Soup version 0.25.0-26-g0c896c7088 (webtiles) character file.

Game seed: 4367101480743668688

35264 MisterFreud the Martial Artist (level 13, -2/103 HPs)
             Began as a Demonspawn Abyssal Knight on July 4, 2020.
             Was the Champion of Lugonu.
             Slain by a catoblepas (26 damage)
             ... on level 5 of the Lair of Beasts.
             The game lasted 00:31:52 (17689 turns).

MisterFreud the Martial Artist (DsAK)              Turns: 17689, Time: 00:31:52

Health: -2/103     AC: 15    Str: 13    XL:     13   Next: 46%
Magic:  20/20      EV: 10    Int: 17    God:    Lugonu [******]
Gold:   887        SH:  7    Dex: 20    Spells: 12/12 levels left

rFire    . . .     SeeInvis .     - Unarmed
rCold    . . .     Gourm    .   y - +1 buckler
rNeg     . . .     Faith    .   m - +0 chain mail
rPois    .         Spirit   .   h - +0 helmet
rElec    .         Reflect  .   (no cloak)
rCorr    .         Harm     .   (no gloves)
MR       .....                  (no boots)
Stlth    +.........             H - amulet of regeneration
HPRegen  0.67/turn              B - ring of flight
MPRegen  0.17/turn              I - +6 ring of dexterity

@: no status effects
A: claws 1, thin metallic scales 2, nightstalker 2, spiny 2
a: Depart the Abyss, Bend Space, Banish, Corrupt, Enter the Abyss, Brand Weapon
With Distortion, Renounce Religion, Evoke Flight


You were on level 5 of the Lair of Beasts.
You worshipped Lugonu.
Lugonu was exalted by your worship.
You were not hungry.

You visited 2 branches of the dungeon, and saw 15 of its levels.
You visited the Abyss 1 time.

You collected 887 gold pieces.

Inventory:

Missiles
 v - 12 boomerangs (quivered)
 x - 20 atropa-tipped darts
 C - 45 poisoned darts
Armour
 a - a +0 leather armour
 h - a +0 helmet (worn)
 m - a +0 chain mail (worn)
 y - a +1 buckler (worn)
Jewellery
 e - an uncursed ring of fire
 t - an uncursed ring of see invisible
 z - an uncursed ring of stealth
 B - a ring of flight (left claw)
 H - an amulet of regeneration (around neck)
 I - a +6 ring of dexterity (right claw)
 K - an uncursed amulet of magic regeneration {unknown}
 M - an uncursed ring of ice
Wands
 r - a wand of paralysis (26)
 u - a wand of acid (1)
 F - a wand of flame (21)
 J - a wand of digging (2)
 N - a wand of iceblast (6)
Scrolls
 i - 2 scrolls of identify
 j - 2 scrolls of enchant weapon
 k - 9 scrolls of teleportation
 p - 9 scrolls of remove curse
 w - 4 scrolls of fear
 E - 2 scrolls of magic mapping {unknown}
 G - a scroll of vulnerability {unknown}
Potions
 c - 3 potions of might
 d - 8 potions of curing
 f - a potion of mutation {unknown}
 g - 4 potions of heal wounds
 l - a potion of haste
 n - a potion of flight {unknown}
 o - 2 potions of berserk rage
 q - 2 potions of brilliance {unknown}
 A - 2 potions of stabbing
 D - 2 potions of ambrosia {unknown}
 L - a potion of lignification {unknown}
Comestibles
 b - 27 rations


   Skills:
 - Level 10.0 Fighting
 - Level 8.0 Armour
 - Level 8.0 Dodging
 - Level 4.0 Shields
 + Level 13.4 Unarmed Combat
 - Level 10.0 Invocations
 - Level 5.0 Evocations


You had 12 spell levels left.
You didn't know any spells.
Your spell library contained the following spells:

 Spells                   Type           Power        Failure   Level  Hunger
 Magic Dart               Conj           #...         99%         1    ##.....
 Summon Small Mammal      Summ           #...         99%         1    ##.....
 Blink                    Tloc           N/A          100%        2    ###....
 Call Imp                 Summ           #.......     100%        2    ###....
 Slow                     Hex            #.......     100%        2    ###....
 Call Canine Familiar     Summ           #.......     100%        3    ####...
 Conjure Flame            Conj/Fire      #.......     100%        3    ####...
 Mephitic Cloud           Conj/Pois/Air  #.......     100%        3    ####...
 Summon Guardian Golem    Hex/Summ       #.......     100%        3    ####...
 Summon Ice Beast         Ice/Summ       #.......     100%        4    #####..
 Summon Lightning Spire   Summ/Air       #.......     100%        4    #####..


Dungeon Overview and Level Annotations

Branches:
Dungeon (10/15)            Temple (0/1) D:5            Lair (5/6) D:9
 Shoals (0/4) Lair:2       Spider (0/4) Lair:3        Slime (0/5) Lair:5
    Orc: D:9-12

Altars:
Ashenzari
Fedhas
Hepliaklqana
Kikubaaqudgha
Trog
Vehumet
Yredelemnul

Annotations:
D:9 Gastronok
D:10 1 runed translucent door
Lair:2 exclusion: oklob plant


Innate Abilities, Weirdness & Mutations

You have sharp fingernails.
You are mostly covered in thin metallic scales. (AC +3)
You are significantly more attuned to the shadows.
You are mostly covered in sharp spines.


Message History

You scratch the catoblepas but do no damage.
The catoblepas is severely wounded.
The catoblepas gores you but does no damage.
You scratch the catoblepas.
The catoblepas is severely wounded.
You block the catoblepas's attack.
You scratch the catoblepas.
The catoblepas is almost dead.
The catoblepas is struck by your spines.
The catoblepas gores you!!
You scratch the catoblepas but do no damage.
The catoblepas is almost dead.
The catoblepas gores you!
* * * LOW HITPOINT WARNING * * *
You scratch the catoblepas but do no damage.
The catoblepas is almost dead.
You scratch the catoblepas but do no damage.
The catoblepas is almost dead.
The catoblepas gores you!!
You die...

#.# ######## ###.
...####.#.#..####...
....P.......##P.....
................P.....
......................
......................
....#.................
......Y...............
.....@................
......................
.....?................
............. .
............. .
............. . .


You could see a catoblepas.

Vanquished Creatures
  Harold (D:7)
  2 hydras
  A catoblepas (Lair:5)
  4 death yaks (Lair:5)
  Pikel (D:6)
  An ugly thing (D:6)
  2 black mambas
  Joseph (D:7)
  12 elephants
  A merfolk siren (Lair:2)
  A gargoyle (D:10)
  8 spiny frogs
  5 komodo dragons
  2 rime drakes
  A merfolk (Lair:2)
  3 trolls
  2 jumping spiders (Lair:3)
  8 dream sheep
  6 hippogriffs
  A redback (Lair:2)
  A wyvern (Lair:4)
  38 yaks
  5 basilisks
  4 porcupines
  A soldier ant (D:10)
  8 water moccasins
  Duvessa (D:7)
  3 black bears
  A phantom (D:9)
  2 sky beasts
  6 ice beasts
  2 orc warriors
  A necrophage (D:7)
  3 ogres
  10 wolves
  2 centaurs
  8 crocodiles
  Blork the orc (D:6)
  5 big kobolds
  11 bullfrogs
  3 scorpions
  Dowan (D:7)
  10 wights
  6 howler monkeys
  2 crimson imps
  A centaur zombie (D:5)
  8 hounds
  7 orc priests
  A bullfrog zombie (D:10)
  16 jellies
  A centaur skeleton (D:4)
  4 iguanas
  9 orc wizards
  12 worker ants
  A killer bee zombie (D:9)
  3 hound skeletons
  3 gnolls
  10 adders
  2 oozes
  4 adder skeletons
  An adder zombie (D:7)
  7 worms
  3 dart slugs
  8 leopard geckos
  33 orcs
  4 ball pythons
  6 giant cockroaches
  5 goblins
  9 hobgoblins
  6 jackals
  9 quokkas
  15 bats
  5 frilled lizards
  19 kobolds
  A leopard gecko skeleton (D:5)
  6 rats
417 creatures vanquished.

Vanquished Creatures (others)
  A fire dragon (D:9)
  A hydra (Lair:3)
  Prince Ribbit (D:6)
  A slave (D:6)
  An ogre (D:6)
  A crimson imp (D:6)
  A quokka (D:6)
  A bush (Lair:1)
  3 fungi
  3 plants
14 creatures vanquished.

Grand Total: 431 creatures vanquished

Notes
Turn   | Place    | Note
-------+----------+-------------------------------------------
     0 | Abyss:1  | MisterFreud the Demonspawn Abyssal Knight began the quest
                  | for the Orb.
     0 | Abyss:1  | Reached XP level 1. HP: 18/18 MP: 2/2
    44 | Abyss:1  | Noticed a small abomination
    47 | D:1      | Escaped the Abyss
    75 | D:1      | Reached skill level 2 in Unarmed Combat
   171 | D:1      | Gained mutation: You are partially covered in thin metallic
                  | scales. (AC +2) [demonic ancestry]
   171 | D:1      | Reached XP level 2. HP: 9/24 MP: 3/3
   449 | D:1      | Reached skill level 3 in Unarmed Combat
   558 | D:1      | Reached * piety under Lugonu
   714 | D:1      | Gained mutation: You have sharp fingernails. [demonic
                  | ancestry]
   714 | D:1      | Reached XP level 3. HP: 27/29 MP: 4/4
  1811 | D:2      | Reached skill level 4 in Unarmed Combat
  1811 | D:2      | Gained mutation: You are partially covered in sharp spines.
                  | [demonic ancestry]
  1811 | D:2      | Reached XP level 4. HP: 35/35 MP: 5/5
  1912 | D:2      | Found a blossoming altar of Fedhas.
  2411 | D:2      | Found a radiant altar of Vehumet.
  2411 | D:2      | Found an ancient bone altar of Kikubaaqudgha.
  2963 | D:3      | Reached ** piety under Lugonu
  3020 | D:3      | Gained mutation: You are mostly covered in sharp spines.
                  | [demonic ancestry]
  3020 | D:3      | Reached XP level 5. HP: 39/41 MP: 6/6
  3302 | D:4      | Reached skill level 5 in Unarmed Combat
  3659 | D:4      | Reached XP level 6. HP: 47/47 MP: 7/7
  3744 | D:4      | Reached skill level 6 in Unarmed Combat
  4191 | D:4      | Noticed a sky beast
  4207 | D:4      | Killed a sky beast
  4207 | D:4      | Gained mutation: You are mostly covered in thin metallic
                  | scales. (AC +3) [demonic ancestry]
  4207 | D:4      | Reached XP level 7. HP: 18/52 MP: 8/8
  4692 | D:4      | Reached skill level 5 in Invocations
  5169 | D:4      | Found a hazy altar of Hepliaklqana.
  5510 | D:5      | Entered Level 5 of the Dungeon
  5620 | D:4      | Gained mutation: You are slightly more attuned to the
                  | shadows. [demonic ancestry]
  5620 | D:4      | Reached XP level 8. HP: 6/60 MP: 12/12
  6135 | D:5      | Reached *** piety under Lugonu
  6263 | D:5      | Found a staircase to the Ecumenical Temple.
  6280 | D:5      | Reached skill level 7 in Unarmed Combat
  6315 | D:5      | Found a bloodstained altar of Trog.
  6371 | D:5      | Reached skill level 5 in Fighting
  6371 | D:5      | Reached skill level 1 in Shields
  6808 | D:6      | Noticed a green ugly thing
  6809 | D:6      | Noticed Pikel
  6825 | D:6      | Killed a green ugly thing
  7147 | D:6      | Killed Pikel
  7147 | D:6      | Reached XP level 9. HP: 65/69 MP: 13/13
  7253 | D:6      | Noticed Prince Ribbit
  7254 | D:6      | Reached skill level 8 in Unarmed Combat
  7327 | D:6      | Killed Prince Ribbit
  7697 | D:6      | Noticed Blork the orc
  7707 | D:6      | Killed Blork the orc
  7774 | D:6      | Reached skill level 9 in Unarmed Combat
  8362 | D:7      | Noticed Duvessa
  8363 | D:7      | Noticed Dowan
  8386 | D:7      | Killed Dowan
  8386 | D:7      | Reached **** piety under Lugonu
  8387 | D:7      | Killed Duvessa
  8642 | D:7      | Noticed Joseph
  8659 | D:7      | Killed Joseph
  8659 | D:7      | Reached skill level 10 in Unarmed Combat
  8849 | D:7      | Noticed Harold
  8872 | D:7      | Killed Harold
  8872 | D:7      | Reached skill level 5 in Armour
  8872 | D:7      | Gained mutation: You are significantly more attuned to the
                  | shadows. [demonic ancestry]
  8872 | D:7      | Reached XP level 10. HP: 39/76 MP: 13/15
  9093 | D:7      | Found a basalt altar of Yredelemnul.
  9635 | D:8      | Found a shattered altar of Ashenzari.
  9777 | D:8      | Found a bloodstained altar of Trog.
  9851 | D:8      | Noticed a three-headed hydra
  9866 | D:8      | Killed a three-headed hydra
  9881 | D:8      | Reached skill level 10 in Invocations
 10237 | D:8      | Reached ***** piety under Lugonu
 10488 | D:9      | Reached XP level 11. HP: 51/81 MP: 18/18
 10778 | D:9      | Noticed Gastronok
 10808 | D:10     | Entered Level 10 of the Dungeon
 11285 | D:10     | Found a runed translucent door.
 11464 | D:9      | Found a staircase to the Lair.
 11465 | D:9      | Noticed a fire dragon
 11624 | D:9      | Banished a fire dragon
 11633 | Lair:1   | Entered Level 1 of the Lair of Beasts
 12042 | Lair:1   | Reached skill level 11 in Unarmed Combat
 13366 | Lair:2   | Reached ****** piety under Lugonu
 13366 | Lair:2   | Reached XP level 12. HP: 91/96 MP: 19/19
 13679 | Lair:2   | Noticed a five-headed hydra
 13685 | Lair:2   | Killed a five-headed hydra
 13685 | Lair:2   | Reached skill level 10 in Fighting
 13685 | Lair:2   | Reached skill level 12 in Unarmed Combat
 13685 | Lair:2   | Reached skill level 1 in Dodging
 14070 | Lair:2   | Found a staircase to the Shoals.
 14461 | Lair:2   | Reached skill level 5 in Dodging
 14591 | Lair:3   | Found a hole to the Spider Nest.
 14639 | Lair:2   | HP: 3/97 [wolf spider (12)]
 15494 | Lair:3   | Reached skill level 1 in Evocations
 15502 | Lair:3   | Noticed a six-headed hydra
 15513 | Lair:3   | Banished a six-headed hydra
 16023 | Lair:4   | Reached XP level 13. HP: 70/103 MP: 20/20
 16204 | Lair:4   | Reached skill level 5 in Evocations
 17021 | Lair:5   | Found a staircase to the Slime Pits.
 17331 | Lair:5   | Reached skill level 13 in Unarmed Combat
 17689 | Lair:5   | Slain by a catoblepas

Illustrated notes

Levels and vault maps discovered:
D:1:      dpeg_arrival_radiant, layout_basic
D:2:      layout_loops_corners, overflow_temple_1_default,
          gammafunk_temple_overflow_elements, minmay_puff
D:3:      layout_basic, first_ration
D:4:      minmay_thinvault, layout_basic, lemuel_coloured_pillars_altar
D:5:      layout_basic, kennysheep_mini, minmay_temple_entry_purple_smoke
D:6:      layout_loops_ring, roderic_roman_lattice, minmay_misc_feat_cross,
          uniq_prince_ribbit1, uniq_pikel, uniq_blork_the_orc
D:7:      layout_gridville, overflow_temple_1_default, uniq_duvessa,
          uniq_joseph, uniq_harold
D:8:      layout_rooms, evilmike_ruin_ashenzari, hangedman_ranch
          [blue_anna_fruit_fields], trog_ov_bears_minmay
D:9:      minmay_the_grid_triangle_9x9_rhombus_thin
          [minmay_the_grid_triangle_9x9_zippers_horizontal,
          minmay_the_grid_triangle_9x9_prize_schism,
          minmay_the_grid_triangle_9x9_longest,
          minmay_the_grid_triangle_9x9_sprig], layout_rooms,
          minmay_lair_entry_lava, uniq_gastronok
D:10:     layout_long_grid, gammafunk_ghost_arena, minmay_misc_feat_rows,
          minmay_st_funbox, hex_tiny, kennysheep_kite_vault
Lair:1:   layout_loops_ring, roderic_batcave
Lair:2:   layout_layer_cave, elwin_shoals_entry_rooms, minmay_lair_oklob_chamber
Lair:3:   layout_big_grid, spider_nest_entry_funnel_web,
          chequers_serial_rivers_room_b
Lair:4:   layout_roguey
Lair:5:   layout_hall_layers, minmay_slime_entry_jelly_boxes,
          minmay_stone_trees_large, chequers_serial_rivers_small_b,
          beast_lair_carwin_3

Skill      XL: |  1  2  3  4  5  6  7  8  9 10 11 12 13 |
---------------+----------------------------------------+-----
Unarmed Combat | 2 3 4 5 6 7 10 11 12 13 | 13.4
Armour         | 4 5 8 |  8.0
Invocations    | 6 7 10 | 10.0
Fighting       | 6 9 10 | 10.0
Shields        | 3 4 |  4.0
Dodging        | 8 |  8.0
Evocations     | 4 5 |  5.0

Action                   |  1- 3 |  4- 6 |  7- 9 | 10-12 | 13-15 || total
-------------------------+-------+-------+-------+-------+-------++-------
Melee: Unarmed           |   153 |   159 |   294 |   851 |   222 ||  1679
       Punch             |     2 |     2 |     3 |       |       ||     7
Throw: Boomerang         |       |       |     7 |       |       ||     7
Invok: Depart the Abyss  |     1 |       |       |       |       ||     1
       Banish            |       |       |       |     3 |       ||     3
Evoke: Wand              |       |       |       |     4 |     2 ||     6
  Use: Potion            |       |     1 |       |     7 |       ||     8
       Scroll            |       |       |     8 |    15 |       ||    23
 Stab: Sleeping          |       |       |       |     2 |       ||     2
       Distracted        |       |       |       |     1 |       ||     1
  Eat: Chunk             |     3 |     6 |    16 |    25 |     5 ||    55
Armor: Leather armour    |    17 |       |       |       |       ||    17
       Chain mail        |    49 |    69 |   111 |   358 |    86 ||   673
Dodge: Dodged            |    37 |    34 |    49 |   215 |    61 ||   396
Block: Buckler           |       |       |    22 |   208 |    52 ||   282
